 Dungeon Sprint DCSS version 0.26.1-11-gd32895ea62 (webtiles) character file.

Game seed: 12306933987709497015

8072 Groucho the Grappler (level 11, 0/111 HPs)
             Began as a Ghoul Monk on July 6, 2021.
             Was the Champion of Jiyva.
             Slain by an elephant (6 damage)
             ... in the Dungeon (Sprint IX: "|||||||||||||||||||||||||||||").
             The game lasted 00:05:01 (1718 turns).

Groucho the Grappler (Ghoul Monk)                   Turns: 1718, Time: 00:05:02

Health: 0/111      AC: 18    Str: 19    XL:     11   Next: 25%
Magic:  10/10      EV: 14    Int:  5    God:    Jiyva [******]
Gold:   26         SH:  0    Dex: 14    Spells: 10/10 levels left

rFire    . . .     SeeInvis .     - Unarmed
rCold    + . .     Faith    .   (no shield)
rNeg     + + +     Spirit   .   m - +1 chain mail
rPois    ∞         Reflect  .   (no helmet)
rElec    .         Harm     .   k - +0 cloak
rCorr    +         Rampage  .   (no gloves)
Will     .....     NoTele   +   l - +0 pair of boots
Stlth    ..........             (no amulet)
HPRegen  0.00/turn              a - +3 ring of dexterity
MPRegen  0.12/turn              n - +2 ring of protection

@: no status effects
A: claws 1, cold resistance 1, negative energy resistance 3, inhibited
regeneration, torment resistance, unbreathing
a: Renounce Religion, Request Jelly, Slimify, Cure Bad Mutation


You were in the Dungeon.
You worshipped Jiyva.
Jiyva was exalted by your worship.
You visited 1 branch You collected 26 gold pieces.

Inventory:

Armour
 k - a +0 cloak (worn)
 l - a +0 pair of boots (worn)
 m - a +1 chain mail (worn)
Jewellery
 a - a +3 ring of dexterity (left claw)
 n - a +2 ring of protection (right claw)
Wands
 j - a wand of iceblast (10)
Scrolls
 f - 4 scrolls of blinking
 g - a scroll of identify
 h - 3 scrolls of remove curse
 i - 2 scrolls of amnesia
 o - 2 scrolls of enchant armour
 p - a scroll of fog
Potions
 b - 7 potions of curing
 d - a potion of brilliance
 e - 4 potions of magic


   Skills:
 + Level 14.6 Fighting
 + Level 12.3 Armour
 + Level 12.6 Dodging
 - Level 2.1 Stealth
 + Level 14.6 Unarmed Combat


You had 10 spell levels left.
You didn't know any spells.
Your spell library was empty.

Dungeon Overview and Level Annotations

Branches:
Dungeon (1/1)

Altars:
Cheibriados
Dithmenos
Elyvilon
Fedhas
Gozag
Hepliaklqana
Kikubaaqudgha
Makhleb
Nemelex Xobeh
Okawaru
Qazlal
Ru
Sif Muna
Trog
Uskayaw
Vehumet
Wu Jian
Xom
Yredelemnul
Zin
The Shining One
Beogh
Jiyva
Lugonu


Innate Abilities, Weirdness & Mutations

You thrive by killing the living.
You are immune to poison.
You have sharp fingernails.
Your flesh is cold resistant. (rC+)
You are immune to negative energy. (rN+++)
You do not regenerate when monsters are visible.
You are immune to unholy pain and torment.
You can survive without breathing.


Message History

Your azure jelly hits the elephant!
Your azure jelly hits the elephant.
The elephant tramples your azure jelly!
Your azure jelly stumbles backwards!
Your azure jelly hits the elephant but does no damage. x3
Your azure jelly hits the elephant.
The elephant tramples your azure jelly.
Your azure jelly holds its ground!
The elephant trunk-slaps your azure jelly but does no damage.
Your azure jelly hits the elephant but does no damage. x4
The elephant tramples your azure jelly but does no damage.
The elephant trunk-slaps your azure jelly but does no damage.
Your azure jelly hits the elephant but does no damage.
Your azure jelly hits the elephant.
Your azure jelly freezes the elephant!!
The elephant dies!
Unknown command.
You swap places.
There is an open door here.
You claw the elephant! You claw the elephant.
The elephant is moderately wounded.
Your azure jelly dissolves into a puddle of slime!
The elephant tramples you.
You die...

▓▓▓▓▓▓▓▓▓▓▓▓▓▓▓▓▓▓▓▓▓▓▓▓▓▓▓▓▓▓▓▓▓
......'________________________'.
▓▓▓▓▓▓▓▓▓▓▓▓▓▓▓▓▓▓▓▓▓▓▓▓▓▓▓▓▓▓▓▓▓
.................................
▓▓▓▓▓▓▓▓▓▓▓▓▓▓▓▓▓▓▓▓▓▓▓▓▓▓▓▓▓▓▓▓▓
......'..†.....Y@........J'......
▓▓▓▓▓▓▓▓▓▓▓▓▓▓▓▓▓▓▓▓▓▓▓▓▓▓▓▓▓▓▓▓▓


You could see an elephant.

Vanquished Creatures
  A dire elephant (D)
  A hydra (D)
  A centaur warrior (D)
  An unseen horror (D)
  An elephant (D)
  3 cane toads (D)
  A gargoyle (D)
  3 komodo dragons (D)
  3 yaks (D)
  A wyvern (D)
  2 basilisks (D)
  2 water moccasins (D)
  A centaur (D)
  4 bullfrogs (D)
  An iguana (D)
  A worker ant (D)
  An adder (D)
  A shadow imp (D)
  2 worms (D)
  A dart slug (D)
  A frilled lizard (D)
  A giant cockroach zombie (D)
  2 goblins (D)
  A rat (D)
37 creatures vanquished.

Vanquished Creatures (collateral kills)
  3 dire elephants (D)
  2 elephants (D)
5 creatures vanquished.

Vanquished Creatures (others)
  2 great orbs of eyes (D)
  A deep troll shaman (D)
  An unseen horror (D)
  4 slime creatures (D)
  An acid dragon (D)
  An orc warrior (D)
  A sky beast (D)
  An ogre (D)
  6 jellies (D)
  An orc priest (D)
  An ufetubus (D)
20 creatures vanquished.

Grand Total: 62 creatures vanquished

Notes
Turn   | Place    | Note
-------+----------+-------------------------------------------
     0 | D        | Groucho the Ghoul Monk began the quest for the Orb.
     0 | D        | Reached XP level 1. HP: 19/19 MP: 0/0
    15 | D        | Reached skill level 1 in Armour
    18 | D        | Noticed a worker ant
    25 | D        | Reached XP level 2. HP: 27/27 MP: 1/1
    43 | D        | Reached XP level 3. HP: 16/35 MP: 2/2
    48 | D        | Reached skill level 5 in Fighting
    48 | D        | Reached skill level 5 in Unarmed Combat
   525 | D        | Found a roughly hewn altar of Beogh.
   525 | D        | Found a snail-covered altar of Cheibriados.
   525 | D        | Found a shadowy altar of Dithmenos.
   525 | D        | Found a white marble altar of Elyvilon.
   525 | D        | Found a blossoming altar of Fedhas.
   525 | D        | Found an opulent altar of Gozag.
   526 | D        | Found a hazy altar of Hepliaklqana.
   527 | D        | Found a viscous altar of Jiyva.
   528 | D        | Found an ancient bone altar of Kikubaaqudgha.
   529 | D        | Found a corrupted altar of Lugonu.
   530 | D        | Found a burning altar of Makhleb.
   531 | D        | Found a sparkling altar of Nemelex Xobeh.
   532 | D        | Found an iron altar of Okawaru.
   533 | D        | Found a stormy altar of Qazlal.
   534 | D        | Found a sacrificial altar of Ru.
   535 | D        | Became a worshipper of Jiyva Jirigy the Shapeless
   535 | D        | Reached * piety under Jiyva
   535 | D        | Reached ** piety under Jiyva
   535 | D        | Killed an acid dragon
   535 | D        | Killed a sky beast
   536 | D        | Found a shimmering blue altar of Sif Muna.
   536 | D        | Killed a slime creature
   537 | D        | Found a bloodstained altar of Trog.
   537 | D        | Killed a slime creature
   537 | D        | Reached *** piety under Jiyva
   538 | D        | Found a hide-covered altar of Uskayaw.
   538 | D        | Killed a slime creature
   538 | D        | Killed a deep troll shaman
   539 | D        | Found a radiant altar of Vehumet.
   539 | D        | Killed a great orb of eyes
   539 | D        | Killed a great orb of eyes
   539 | D        | Killed a slime creature
   540 | D        | Found an ornate altar of the Wu Jian Council.
   541 | D        | Found a shimmering altar of Xom.
   542 | D        | Found a basalt altar of Yredelemnul.
   543 | D        | Found a glowing silver altar of Zin.
   544 | D        | Found a glowing golden altar of the Shining One.
   583 | D        | Reached **** piety under Jiyva
   583 | D        | Reached ***** piety under Jiyva
   583 | D        | Reached ****** piety under Jiyva
   596 | D        | Noticed a centaur
   596 | D        | Noticed an ogre
   596 | D        | Noticed a bullfrog
   596 | D        | Noticed a bullfrog
   605 | D        | Killed a bullfrog
   606 | D        | Reached XP level 4. HP: 44/44 MP: 3/3
   610 | D        | Reached skill level 5 in Dodging
   610 | D        | Reached XP level 5. HP: 50/50 MP: 4/4
   621 | D        | Killed an ogre
   622 | D        | Reached skill level 5 in Armour
   622 | D        | Reached XP level 6. HP: 60/60 MP: 5/5
   634 | D        | Noticed a gargoyle
   634 | D        | Noticed a centaur warrior
   634 | D        | Noticed an orc warrior
   658 | D        | Killed an orc warrior
   660 | D        | Killed an unseen horror
   661 | D        | Reached XP level 7. HP: 37/70 MP: 6/6
   661 | D        | Killed an unseen horror
   674 | D        | Killed a centaur warrior
   675 | D        | Reached skill level 10 in Fighting
   675 | D        | Reached skill level 10 in Unarmed Combat
   675 | D        | Reached XP level 8. HP: 28/81 MP: 7/7
   684 | D        | Killed a gargoyle
   685 | D        | Reached XP level 9. HP: 38/89 MP: 8/8
  1030 | D        | Noticed a komodo dragon
  1031 | D        | Noticed a komodo dragon
  1037 | D        | Killed a komodo dragon
  1047 | D        | Reached skill level 10 in Dodging
  1066 | D        | Killed a komodo dragon
  1067 | D        | Reached skill level 10 in Armour
  1450 | D        | Noticed an elephant
  1450 | D        | Noticed a cane toad
  1450 | D        | Noticed a komodo dragon
  1450 | D        | Noticed a seven-headed hydra
  1468 | D        | Killed a seven-headed hydra
  1469 | D        | Reached XP level 10. HP: 68/100 MP: 9/9
  1473 | D        | Noticed a cane toad
  1475 | D        | Noticed a cane toad
  1486 | D        | Killed a cane toad
  1494 | D        | Killed an elephant
  1503 | D        | Killed a cane toad
  1508 | D        | Killed a cane toad
  1675 | D        | Noticed a dire elephant
  1675 | D        | Noticed an elephant
  1675 | D        | Noticed an elephant
  1675 | D        | Noticed a dire elephant
  1675 | D        | Noticed a dire elephant
  1675 | D        | Noticed a dire elephant
  1683 | D        | Killed a dire elephant
  1687 | D        | Killed a dire elephant
  1688 | D        | Reached XP level 11. HP: 45/110 MP: 10/10
  1689 | D        | Killed a dire elephant
  1704 | D        | Killed a dire elephant
  1718 | D        | Slain by an elephant

Illustrated notes

Levels and vault maps discovered:
D:        linesprint [early_d, line_temple, items_1, d_10, items_2, lair_1,
          lair_end, items_3, orc_1, orc_end, items_4, d_15, swamp_1, shoals_1,
          snake_1, spider_1, d_20, vaults_1, items_5, swamp_end, shoals_end,
          snake_end, spider_end, vaults_end, d_27, items_6, zot_1, zot_end,
          crypt_end, forest_end, elf_end, slime_end, tomb_end, abyss_end,
          pan_hell_end]

Skill      XL: |  1  2  3  4  5  6  7  8  9 10 11 |
---------------+----------------------------------+-----
Dodging        | 3 4 5 6 7 9 11 12 | 12.6
Armour         | 1 2 3 4 5 7 8 9 10 11 12 | 12.3
Fighting       | 4 6 7 9 10 11 12 14 | 14.6
Unarmed Combat | 4 6 7 9 10 11 12 14 | 14.6
Stealth        | |  2.1

Action                   |  1- 3 |  4- 6 |  7- 9 | 10-12 || total
-------------------------+-------+-------+-------+-------++-------
Melee: Unarmed           |    42 |    47 |    85 |    52 ||   226
       Punch             |       |       |     5 |     5 ||    10
  Use: Potion            |     2 |       |     4 |     1 ||     7
 Stab: Invisible         |     1 |     1 |       |       ||     2
Armor: Robe              |     3 |       |       |       ||     3
       Chain mail        |     3 |    20 |    39 |    13 ||    75
Dodge: Dodged            |    18 |     9 |    49 |    24 ||   100
